 Dungeon Sprint DCSS version 0.17-a0-1468-gbf503c2 (webtiles) character file.

32 pulse the Cudgeler (level 3, -13/30 HPs)
             Began as a Formicid Berserker on July 1, 2015.
             Was an Elder of Trog.
             Mangled by a hill giant
             ... wielding a +0 giant club
              (21 damage)
             ... in the Dungeon (Sprint IX: "|||||||||||||||||||||||||||||").
             The game lasted 00:00:59 (263 turns).

pulse the Cudgeler (Formicid Berserker)              Turns: 263, Time: 00:00:59

Health: -13/30     AC: 16    Str: 25    XL:     3   Next: 45%
Magic:  3/3        EV:  9    Int:  6    God:    Trog [****..]
Gold:   0          SH:  0    Dex: 13    Spells: 0 memorised, 2 levels left

rFire  . . .     SeeInvis +     n - +2 dire flail (protect)
rCold  . . .     Clarity  .     o - +1 chain mail
rNeg   . . .     SustAt   .     (no shield)
rPois  .         Gourm    .     (helmet unavailable)
rElec  .         Spirit   .     (no cloak)
rCorr  .         Warding  .     (no gloves)
rMut   .         Stasis   +     a - +0 pair of boots
MR     .....                    (no amulet)
Stlth  ..........               p - +3 ring of strength
                                m - +3 ring of dexterity

@: not resistant to hostile enchantments, extremely unstealthy
A: permanent stasis, dig shafts and tunnels, four strong arms, antennae 3
a: Dig, Burn Spellbooks, Trog's Hand, Brothers in Arms, Renounce Religion


You were in the Dungeon.
You worshipped Trog.
Trog was greatly pleased with you.
You were not hungry.

You visited 1 branch

Inventory:

Hand weapons
 n - a +2 dire flail of protection (weapon)
Armour
 a - a +0 pair of boots (worn)
 o - a +1 chain mail (worn)
Jewellery
 m - a +3 ring of dexterity (left hand)
 p - a +3 ring of strength (right hand)
Magical devices
 l - a wand of fire (7)
Scrolls
 i - 2 scrolls of blinking
 k - 3 scrolls of remove curse
Potions
 d - a potion of invisibility
 e - 2 potions of heal wounds
 f - a potion of haste
 g - 4 potions of magic
 h - a potion of berserk rage
 j - 4 potions of curing
Comestibles
 c - a bread ration


   Skills:
 - Level 4.1 Fighting
 * Level 6.3 Maces & Flails
 - Level 2.5 Armour
 - Level 2.0 Dodging


You had 2 spell levels left.
You didn't know any spells.

Dungeon Overview and Level Annotations

Branches:
Dungeon (1/1)

Altars:
Cheibriados
Dithmenos
Elyvilon
Fedhas
Gozag
Kikubaaqudgha
Makhleb
Nemelex Xobeh
Okawaru
Qazlal
Ru
Sif Muna
Trog
Vehumet
Xom
Yredelemnul
Zin
The Shining One
Beogh
Jiyva
Lugonu


Innate Abilities, Weirdness & Mutations

You are under a permanent stasis effect.
You can dig through walls and to a lower floor.
Your four strong arms can wield two-handed weapons with a shield.
You have a pair of large antennae on your head (SInv).


Message History

You finish putting on your +0 pair of boots.
You drop a +0 animal skin.
You open the door.
A rat, a giant frog, a worker ant, a hill giant, a crimson imp and a skeleton come into view.
The hill giant shouts!
The giant frog croaks.
The crimson imp shouts!
The worker ant twitches its antennae in your direction.
You hit the hill giant.
The hill giant is lightly wounded.
The hill giant closely misses you.
The crimson imp grinds its teeth.
You puncture the hill giant!
The hill giant is moderately wounded.
The hill giant hits you with a giant club!!
Ouch! That really hurt!
* * * LOW HITPOINT WARNING * * *
You hit the hill giant.
The hill giant is moderately wounded.
The hill giant hits you with a giant club!!
Ouch! That really hurt!
You die... {{{{{{{{{ {{{{{{{{ ▓▓▓▓▓▓▓▓▓▓▓▓▓▓▓▓▓▓▓▓▓▓▓▓ _______'.?|)[...@CZF5ra. ▓▓▓▓▓▓▓▓▓▓▓▓▓▓▓▓▓▓▓▓▓▓▓▓

You could see a hill giant, a giant frog, a worker ant, a crimson imp, a rat and an adder skeleton.

Vanquished Creatures
  A worker ant (D)
  A bat zombie (D)
  A giant cockroach (D)
  2 hobgoblins (D)
  A bat (D)
  A giant newt (D)
  2 kobolds (D)
  A rat (D)
10 creatures vanquished.

Notes
Turn   | Place    | Note
--------------------------------------------------------------
     0 | D        | pulse the Formicid Berserker began the quest for the Orb.
     0 | D        | Reached XP level 1. HP: 18/18 MP: 1/1
    13 | D        | Reached skill level 4 in Fighting
    14 | D        | Acquired Trog's second power
   125 | D        | Noticed a worker ant
   126 | D        | Reached XP level 2. HP: 25/25 MP: 2/2
   146 | D        | Killed a worker ant
   146 | D        | Acquired Trog's third power
   146 | D        | Reached skill level 6 in Maces & Flails
   146 | D        | Reached XP level 3. HP: 27/30 MP: 3/3
   188 | D        | Found a glowing silver altar of Zin.
   188 | D        | Found a glowing golden altar of the Shining One.
   188 | D        | Found an ancient bone altar of Kikubaaqudgha.
   188 | D        | Found a basalt altar of Yredelemnul.
   188 | D        | Found a shimmering altar of Xom.
   188 | D        | Found a radiant altar of Vehumet.
   189 | D        | Found an iron altar of Okawaru.
   190 | D        | Found a burning altar of Makhleb.
   191 | D        | Found a deep blue altar of Sif Muna.
   192 | D        | Found a bloodstained altar of Trog.
   193 | D        | Found a sparkling altar of Nemelex Xobeh.
   194 | D        | Found a white marble altar of Elyvilon.
   195 | D        | Found a roughly hewn altar of Beogh.
   196 | D        | Found a viscous altar of Jiyva.
   197 | D        | Found a corrupted altar of Lugonu.
   198 | D        | Found a blossoming altar of Fedhas.
   199 | D        | Found a snail-covered altar of Cheibriados.
   200 | D        | Found a shadowy altar of Dithmenos.
   201 | D        | Found a stormy altar of Qazlal.
   202 | D        | Found an opulent altar of Gozag.
   203 | D        | Found a sacrificial altar of Ru.
   260 | D        | Noticed a hill giant
   260 | D        | Noticed a giant frog
   260 | D        | Noticed a crimson imp
   260 | D        | Noticed a worker ant
   263 | D        | Mangled by a hill giant

Vault maps used:
D:        linesprint

Action                   || total
-------------------------++-------
Melee: Mace              ||    38
       Dire flail        ||     3
  Use: Potion            ||     2
